 Dungeon Crawl Stone Soup version 0.27.1-2-g3b301248ec (webtiles) character file.

Game seed: 14645263378853119421

3812 vvl the Ruffian (level 9, 0/74 HPs)
             Began as a Pale Draconian Transmuter on Sept 28, 2021.
             Was a Believer of Makhleb.
             Slain by a seven-headed hydra (8 damage)
             ... on level 8 of the Dungeon.
             The game lasted 00:27:01 (8897 turns).

vvl the Ruffian (Pale Draconian Transmuter)         Turns: 8897, Time: 00:27:03

Health: 0/74       AC:  9    Str: 15    XL:     9   Next: 97%
Magic:  16/16      EV: 13    Int: 20    God:    Makhleb [**....]
Gold:   405        SH:  0    Dex: 12    Spells: 16/17 levels left

rFire    . . .     SeeInvis .   g - +2 quarterstaff (chaos)
rCold    . . .     Faith    .   (shield currently unavailable)
rNeg     . . .     Spirit   .   (armour unavailable)
rPois    .         Reflect  .   (helmet currently unavailable)
rElec    .         Harm     .   h - +0 cloak
rCorr    .         Rampage  .   n - +0 pair of gloves
Will     .....                  (boots currently unavailable)
Stlth    +.........             k - amulet of the acrobat
HPRegen  0.22/turn              d - ring of wizardry
MPRegen  0.15/turn              x - +6 ring of intelligence

@: short of breath, appendages (expiring)
A: horns 2, talons 2, breathe steam, AC +7, unfitting armour, cold-blooded,
steam resistance
a: Breathe Steam, End Transformation, Renounce Religion, Minor Destruction


You were on level 8 of the Dungeon.
You worshipped Makhleb.
Makhleb was pleased with you.
You had temporarily grown beastly horns and talons.
You visited 2 branches of the dungeon, and saw 9 of its levels.

You collected 405 gold pieces.

Inventory:

Hand Weapons
 g - a +2 quarterstaff of chaos (weapon)
Missiles
 f - 27 bolts
Armour
 h - a +0 cloak (worn)
 n - a +0 pair of gloves (worn)
 y - a +0 pair of boots (melded)
Jewellery
 d - a ring of wizardry (left hand)
 k - an amulet of the acrobat (around neck)
 x - a +6 ring of intelligence (right hand)
Wands
 l - a wand of flame (20)
 r - a wand of polymorph (6)
 w - a wand of iceblast (8)
 B - a wand of paralysis (8)
Scrolls
 b - a scroll of enchant weapon {unknown}
 e - 4 scrolls of vulnerability
 i - 3 scrolls of blinking
 m - a scroll of holy word
 p - a scroll of teleportation
 q - a scroll of amnesia
 s - 3 scrolls of enchant armour
 v - a scroll of fog {unknown}
 z - a scroll of immolation {unknown}
Potions
 a - 2 potions of mutation
 c - 2 potions of curing
 j - a potion of invisibility
 o - a potion of lignification {unknown}
 t - a potion of ambrosia
 u - 2 potions of might
 A - a potion of haste {unknown}


   Skills:
 + Level 5.5 Fighting
 + Level 3.1 Crossbows
 + Level 3.7 Dodging
 * Level 7.8 Unarmed Combat
 + Level 4.9 Spellcasting
 + Level 1.3 Necromancy
 * Level 7.6 Transmutations
 + Level 1.3 Earth Magic
 + Level 3.8 Invocations
 + Level 1.2 Evocations


You had 16 spell levels left.
You knew the following spells:

 Your Spells              Type           Power      Damage    Failure   Level
a - Beastly Appendage     Tmut           70%        N/A       1%          1

Your spell library contained the following spells:

 Spells                   Type           Power      Damage    Failure   Level
 Wereblood                Tmut           35%        N/A       1%          2
 Spider Form              Tmut/Pois      10%        N/A       3%          3
 Ice Form                 Ice/Tmut       20%        N/A       10%         4
 Alistair's Intoxication  Tmut/Pois      13%        N/A       26%         5
 Borgnjor's Vile Clutch   Necr/Erth      5%         N/A       56%         5
 Eringya's Noxious Bog    Tmut/Pois      10%        N/A       80%         6


Dungeon Overview and Level Annotations

Branches:
Dungeon (8/15)             Temple (1/1) D:4
   Lair: D:8-11

Altars:
Ashenzari
Cheibriados
Dithmenos
Elyvilon
Gozag
Kikubaaqudgha
Makhleb
Nemelex Xobeh
Okawaru
Qazlal
Ru
Trog
Uskayaw
Vehumet
Xom
Yredelemnul
Zin
The Shining One

Shops:
D:1 (   D:8 (


Innate Abilities, Weirdness & Mutations

You have temporarily grown beastly horns and talons.
You can breathe blasts of scalding, opaque steam.
Your pale cyan-grey scales are hard. (AC +7)
You cannot fit into any form of body armour.
You are cold-blooded and may be slowed by cold attacks.
You are immune to the effects of steam.


Message History

The seven-headed hydra bites you but does no damage.
The seven-headed hydra misses you.
The seven-headed hydra is engulfed in a cloud of scalding steam.
The seven-headed hydra bites you!
The seven-headed hydra completely misses you. x2
The seven-headed hydra bites you!
The seven-headed hydra barely misses you.
The seven-headed hydra completely misses you. x2
Unknown command.
The seven-headed hydra is engulfed in a cloud of scalding steam.
The seven-headed hydra completely misses you. x2
The seven-headed hydra misses you. x2
The seven-headed hydra barely misses you.
The seven-headed hydra completely misses you.
The seven-headed hydra bites you but does no damage.
Your transformation is almost over.
The seven-headed hydra is engulfed in a cloud of scalding steam.
The seven-headed hydra bites you!
* * * LOW HITPOINT WARNING * * *
The seven-headed hydra completely misses you.
The seven-headed hydra misses you.
The seven-headed hydra completely misses you. x2
The seven-headed hydra misses you.
The seven-headed hydra completely misses you.
Okay, then.
You have got your breath back.
Press: ? - help, Shift-Dir - straight line, f/p - seven-headed hydra
Aim: a seven-headed hydra (severely wounded)
You exhale a blast of scalding steam.
The ball of steam hits the seven-headed hydra!
The seven-headed hydra is severely wounded.
The seven-headed hydra is engulfed in a cloud of scalding steam.
The seven-headed hydra bites you.
* * * LOW HITPOINT WARNING * * *
The seven-headed hydra bites you but does no damage.
The seven-headed hydra misses you.
The seven-headed hydra bites you but does no damage.
The seven-headed hydra completely misses you.
The seven-headed hydra bites you!
You die...

......#.......# ....
......#.#..#..# ###########.....
...####.#..#..###......#........
........#..#..#........#........
...######..#.(#........#........
........#..#..#........#........
#######.#....<# #......#........
...........######...............
#...............@D§.............
..#######.#............##+####..
..##^.?...#.###........#
.>.................<...#
..##......#...#..#.....#
..##......#.#.#..#.....#
..##......#......#....[#
..##......#####.##.....#
..###.......††..)......# #.#


You could see a seven-headed hydra.

Vanquished Creatures
  Sigmund (D:2)
  A redback (shapeshifter) (D:7)
  A wyvern (D:8)
  7 yaks
  Menkaure (D:4)
  A water moccasin (D:5)
  Duvessa (D:6)
  An orc warrior (D:8)
  2 necrophages (D:5)
  2 sky beasts
  2 ogres
  A kobold brigand (D:5)
  A bullfrog (D:7)
  Dowan (D:6)
  2 scorpions
  4 wights (D:7)
  3 centaur zombies
  4 hounds
  3 orc priests
  Crazy Yiuf (D:2)
  2 bullfrog skeletons
  2 centaur skeletons
  2 iguanas
  4 orc wizards
  A killer bee zombie (D:5)
  3 hound skeletons
  Robin (D:2)
  3 gnolls (D:6)
  7 adders
  2 shadow imps
  A white imp (D:5)
  An ufetubus (D:6)
  2 worms
  2 dart slugs
  32 orcs
  5 endoplasms
  5 giant cockroaches
  9 goblins
  7 hobgoblins
  8 jackals
  16 kobolds
  6 quokkas
  6 ball pythons
  10 bats
  4 frilled lizards
  4 rats (D:1)
185 creatures vanquished.

Vanquished Creatures (others)
  2 plants (D:5)
2 creatures vanquished.

Grand Total: 187 creatures vanquished

Notes
Turn   | Place    | Note
-------+----------+-------------------------------------------
     0 | D:1      | vvl the Draconian Transmuter began the quest for the Orb.
     0 | D:1      | Reached XP level 1. HP: 16/16 MP: 3/3
   178 | D:1      | Reached XP level 2. HP: 14/23 MP: 3/5
   494 | D:1      | Found Asuwil's Antique Weapon Boutique.
   950 | D:2      | Noticed a scorpion
   960 | D:2      | Killed a scorpion
   961 | D:2      | Reached XP level 3. HP: 7/29 MP: 4/6
   961 | D:2      | Reached XP level 4. HP: 9/36 MP: 4/7
  1378 | D:2      | Found a runed translucent door.
  1379 | D:2      | Noticed Crazy Yiuf
  1412 | D:2      | Killed Crazy Yiuf
  1820 | D:2      | Noticed Sigmund
  1834 | D:2      | Killed Sigmund
  1835 | D:2      | Reached XP level 5. HP: 26/42 MP: 6/9
  1835 | D:2      | Reached XP level 6. HP: 31/50 MP: 6/10
  1987 | D:2      | Noticed Robin
  1998 | D:2      | Killed Robin
  2569 | D:3      | Found a faded altar of an unknown god.
  2599 | D:3      | Became a worshipper of Vehumet
  2599 | D:3      | Reached * piety under Vehumet
  2599 | D:3      | Offered knowledge of Magic Dart by Vehumet.
  2996 | D:4      | Found an iron altar of Okawaru.
  3012 | D:4      | Found a shadowy altar of Dithmenos.
  3084 | D:4      | Reached skill level 5 in Unarmed Combat
  3230 | D:4      | Found a glowing golden altar of the Shining One.
  3310 | D:4      | Found a staircase to the Ecumenical Temple.
  3369 | D:4      | Offered knowledge of Foxfire by Vehumet.
  3390 | Temple   | Entered the Ecumenical Temple
  3487 | D:4      | Noticed Menkaure
  3493 | D:4      | Killed Menkaure
  3493 | D:4      | Reached ** piety under Vehumet
  3494 | D:4      | Your scales start taking on a pale cyan-grey colour.
  3494 | D:4      | Reached XP level 7. HP: 57/57 MP: 10/12
  3494 | D:4      | Gained mutation: You are immune to the effects of steam.
                  | [Pale Draconian growth]
  3575 | D:4      | Reached skill level 5 in Transmutations
  3808 | D:4      | Found a burning altar of Makhleb.
  3898 | D:4      | Fell from the grace of Vehumet
  3898 | D:4      | Became a worshipper of Makhleb the Destroyer
  4468 | D:5      | Entered Level 5 of the Dungeon
  4957 | D:5      | Reached * piety under Makhleb
  4970 | D:5      | Reached XP level 8. HP: 65/66 MP: 13/13
  5002 | D:5      | Reached skill level 1 in Invocations
  5006 | D:5      | Reached skill level 1 in Crossbows
  5588 | D:5      | Found a sparkling altar of Nemelex Xobeh.
  5696 | D:6      | Noticed Duvessa
  5697 | D:6      | Noticed Dowan
  5716 | D:6      | Killed Duvessa
  5922 | D:6      | Killed Dowan
  5922 | D:6      | Reached ** piety under Makhleb
  6175 | D:6      | Reached XP level 9. HP: 38/73 MP: 15/15
  7528 | D:7      | Reached skill level 5 in Fighting
  8259 | D:8      | Found Xysiall Pemn's Antique Weapon Shop.
  8304 | D:8      | Reached skill level 1 in Necromancy
  8304 | D:8      | Reached skill level 1 in Earth Magic
  8305 | D:8      | Reached skill level 1 in Evocations
  8877 | D:8      | Noticed a seven-headed hydra
  8881 | D:8      | Was forgiven by Vehumet
  8897 | D:8      | Slain by a seven-headed hydra

Illustrated notes

Levels and vault maps discovered:
D:1:      lightli_arrival_flooded_house, layout_basic, serial_shops, shop
D:2:      layout_loops_ring, uniq_robin, uniq_sigmund, uniq_crazy_yiuf_cottage
D:3:      layout_rooms, shapermc_ecumenical_altar_ellora
D:4:      layout_loops_cross, mainiacjoe_overflow_surrounded_room,
          mainiacjoe_overflow_paths, grunt_temple_overflow_open,
          temple_fountains, uniq_menkaure
D:5:      kennysheep_spiral_hall, layout_rooms, mainiacjoe_overflow_alcove_4
D:6:      cheibrodos_thug_alley, layout_cave_pools, uniq_duvessa
D:7:      layout_gridville
D:8:      layout_basic, serial_shops, shop_fountains
Temple:   nicolae_temple_god_jail

Skill      XL: |  1  2  3  4  5  6  7  8  9 |
---------------+----------------------------+-----
Fighting       | 2 3 4 5 |  5.5
Transmutations | 3 4 5 6 7 |  7.6
Unarmed Combat | 4 5 6 7 |  7.8
Spellcasting   | 3 4 |  4.9
Dodging        | 2 3 |  3.7
Invocations    | 2 3 |  3.8
Crossbows      | 2 3 |  3.1
Necromancy     | 1 |  1.3
Earth Magic    | 1 |  1.3
Evocations     | 1 |  1.2

Action                   |  1- 3 |  4- 6 |  7- 9 || total
-------------------------+-------+-------+-------++-------
Melee: Unarmed           |    52 |    20 |       ||    72
       Kick              |     9 |    22 |    38 ||    69
       Headbutt          |     3 |    16 |    18 ||    37
       Tailslap          |     2 |     9 |    15 ||    26
       Punch             |     1 |       |       ||     1
       Quarterstaff      |       |   128 |   198 ||   326
 Cast: Beastly Appendage |    15 |    22 |    25 ||    62
 Abil: Breathe Steam     |       |       |    27 ||    27
Evoke: Wand              |       |       |     3 ||     3
  Use: Potion            |       |     2 |       ||     2
       Scroll            |       |       |    11 ||    11
Armor: Skin              |    10 |    81 |    99 ||   190
Dodge: Dodged            |    28 |   134 |   215 ||   377
